cohdb
Replays
Latest Replays
All Replays
Popular Replays
Top Player Replays
Match Explorer
How It Works
Community
CoH3 Stats
Reddit
Sign in to upload your games and track your stats! →
Sign in with Steam
Match 47021989
Unlisted
Match 47021989
Overview
Messages
Build Orders
End
Construct Barracks
Riflemen Squad
Riflemen Squad
Grenade Package
Selects Advanced Infantry Battlegroup
Riflemen Squad
Infantry Support Center
Construct Motor Pool
Riflemen Squad
Selects Convert to Ranger Squad
Selects Frontline Medical Station
M8 Greyhound Armored Car
Engineer Squad
Frontline Medical Station
M1918 Browning Automatic Rifles
Selects Infantry Assault
M1 Anti-tank Gun Team
Frontline Medical Station
Infantry Assault
Construct Weapon Support Center
M1 Anti-tank Gun Team
M1 Anti-tank Gun Team
Advanced Logistics
Improved M9 Bazooka Rockets
M1 Anti-tank Gun Team
Infantry Assault
Survival Training
Bazooka Squad
Selects Artillery Observers
Selects M2A1 105mm Howitzer Emplacement
Selects 155mm Rapid Artillery Barrage
M1 Anti-tank Gun Team
Ashilrye
Raiden
【POW】游骑
Major, Hou, Yu-Ih
단팥붕어빵
welnez
Konrad Curze
FLOKL
0
0
Comments
sign in to comment!
No comments posted yet!